 Dungeon Crawl Stone Soup version 0.21.1-1-g345015f (webtiles) character file.

198 Melicamp the Sneak (level 5, 0/38 HPs)
             Began as an Octopode Assassin on Apr 2, 2018.
             Slain by a goblin
             ... wielding a +0 club
              (2 damage)
             ... on level 3 of the Dungeon.
             The game lasted 00:10:01 (2438 turns).

Melicamp the Sneak (Octopode Assassin)              Turns: 2438, Time: 00:10:02

Health: 0/38       AC:  1    Str: 10    XL:     5   Next: 77%
Magic:  5/5        EV: 13    Int: 13    God:
Gold:   105        SH:  0    Dex: 15    Spells: 4/4 levels left

rFire    . . .     SeeInvis .   a - +2 dagger
rCold    . . .     Gourm    .   (no shield)
rNeg     . . .     Faith    .   (helmet restricted)
rPois    .         Spirit   .   (no amulet)
rElec    .         Reflect  .   (no ring)
rCorr    .         Harm     .   (no ring)
MR       .....                  (no ring)
Stlth    ++++......             (no ring)
HPRegen  0.12/turn              (no ring)
MPRegen  0.09/turn              (no ring)
                                (no ring)
                                (no ring)

@: slowed, very slow
A: almost no armour, stealthy swim, amphibious, 8 rings, constrict 8, camouflage
1, gelatinous body 1
a: no special abilities


You were on level 3 of the Dungeon.
You were hungry.

You visited 1 branch of the dungeon, and saw 3 of its levels.

You collected 105 gold pieces.

Inventory:

Hand Weapons
 a - a +2 dagger (weapon)
 b - a +0 blowgun
Missiles
 c - 32 poisoned needles
 d - 2 curare-tipped needles
 l - 210 stones (quivered)
Wands
 m - a wand of enslavement (9)
Scrolls
 g - 2 scrolls of remove curse
 h - a scroll of noise {unknown}
 i - a scroll of magic mapping {unknown}
 j - a scroll of identify
Potions
 e - a potion of heal wounds
 k - a potion of degeneration {unknown}
 n - a potion of mutation {unknown}
 o - a potion of flight {unknown}
Comestibles
 f - 5 rations


   Skills:
 * Level 4.9 Fighting
 - Level 2.0 Short Blades
 - Level 2.0 Throwing
 - Level 1.0 Dodging
 + Level 6.9 Stealth


You had 4 spell levels left.
You didn't know any spells.

Dungeon Overview and Level Annotations

Branches:
Dungeon (3/15)

Altars:
Dithmenos
Ru

Annotations:
D:3 Natasha; shugdite's ghost, weakling KoGl


Innate Abilities, Weirdness & Mutations

You cannot wear most types of armour.
You are very stealthy in the water. (Stealth+)
You are amphibious.
You can wear up to eight rings at the same time.
You can use your tentacles to constrict eight enemies at once.
Your skin changes colour to match your surroundings (Stealth+).
Your rubbery body absorbs attacks. (AC +1, EV +1)


Message History

Natasha casts a spell at you.
You feel yourself slow down. The hobgoblin hits you with a club.
* * * LOW HITPOINT WARNING * * *
You close the door.
The hobgoblin hits you with a club.
* * * LOW HITPOINT WARNING * * *
You hit the hobgoblin. You grab the hobgoblin.
The hobgoblin is moderately wounded.
You constrict the hobgoblin. The hobgoblin barely misses you.
Shugdite's ghost (weakling Kobold Gladiator) comes into view.
As you read the scroll labeled FAOJOM WIGU, it crumbles to dust.
It is a scroll of identify.
e - a potion of heal wounds You constrict the hobgoblin, but do no damage.
Shugdite's ghost turns its malevolent gaze towards you.
The hobgoblin closely misses you.
Natasha stares at you and mumbles some strange words.
The magic dart hits you!
* * * LOW HITPOINT WARNING * * *
The goblin hits you with a club.
You die...

#....# #### #. # ##...#
# #.. #. ##.## . ..#
##'# #.# .# #.# ##...#
#.# # .###.# #.....#
###.##### .#.#.###
.......## ##.......# #
.......#
.......g####........##.#
.......+
.....sh@+Y..............
#...)#.#
......g.####........####
##...#.# .W.....##
##.......# #....#.#
#.....# #.......#
#.##.#.# ##...#
#.......# .....#.# ##'#
####.#### #.#.##.# #.
#.# ..<....# # ##### #.#
#.#.###### ##...## #.#


You could see Natasha, shugdite's ghost, a giant cockroach, a hobgoblin and a
goblin.

Vanquished Creatures
  An orc wizard (D:2)
  Natasha (twice) (D:3)
  2 gnolls (D:2)
  3 adders (D:3)
  A worm (D:2)
  11 dart slugs
  A ball python (D:1)
  8 bats
  A giant cockroach (D:2)
  5 hobgoblins
  5 kobolds
  3 quokkas
  6 frilled lizards
  4 goblins
  4 rats
57 creatures vanquished.

Notes
Turn   | Place    | Note
-------+----------+-------------------------------------------
     0 | D:1      | Melicamp the Octopode Assassin began the quest for the Orb.
     0 | D:1      | Reached XP level 1. HP: 14/14 MP: 1/1
   251 | D:1      | Reached XP level 2. HP: 20/20 MP: 2/2
   548 | D:1      | Reached XP level 3. HP: 26/26 MP: 3/3
  1004 | D:2      | Found a shadowy altar of Dithmenos.
  1176 | D:2      | Found a sacrificial altar of Ru.
  1193 | D:2      | Reached skill level 6 in Stealth
  1193 | D:2      | Reached XP level 4. HP: 29/33 MP: 4/4
  1767 | D:3      | Noticed Natasha
  1776 | D:3      | Killed Natasha
  1776 | D:3      | Reached XP level 5. HP: 29/37 MP: 5/5
  2342 | D:3      | Noticed Natasha
  2352 | D:3      | Killed Natasha
  2381 | D:3      | Noticed an ice beast
  2434 | D:3      | Noticed Natasha
  2438 | D:3      | Noticed shugdite's ghost (weakling KoGl)
  2438 | D:3      | Slain by a goblin

Skill      XL: |  1  2  3  4 |
---------------+-------------+-----
Fighting       | 3 4 |  4.9
Stealth        | 6 |  6.9
Short Blades   | |  2.0
Throwing       | |  2.0
Dodging        | |  1.0

Action                   |  1- 3 |  4- 6 || total
-------------------------+-------+-------++-------
Melee: Dagger            |    38 |    51 ||    89
       Constrict         |     2 |    15 ||    17
       Tentacles         |     1 |    11 ||    12
 Fire: Blowgun           |     2 |    13 ||    15
Throw: Stone             |       |     1 ||     1
  Use: Scroll            |     6 |     1 ||     7
 Stab: Sleeping          |    19 |    10 ||    29
       Distracted        |       |     1 ||     1
  Eat: Chunk             |     1 |     3 ||     4
Armor: Skin              |     3 |     1 ||     4
Dodge: Dodged            |    12 |    24 ||    36
